 Dungeon Crawl Stone Soup version 0.28-a0-793-g31680bbd8b (webtiles) character file.

Game seed: 5380614337705589832

95 frimble the Ruffian (level 4, -5/44 HPs)
             Began as a Troll Warper on Nov 4, 2021.
             Slain by an ogre (30 damage)
             ... on level 3 of the Dungeon.
             The game lasted 00:02:42 (1201 turns).

frimble the Ruffian (Troll Warper)                  Turns: 1201, Time: 00:02:43

Health: -5/44      AC:  4    Str: 19    XL:     4   Next: 40%
Magic:  3/4        EV: 10    Int: 10    God:
Gold:   70         SH:  0    Dex:  9    Spells: 3/5 levels left

rFire   . . .      SeeInvis .     - Unarmed
rCold   . . .      Faith    .   (no shield)
rNeg    . . .      Spirit   .   a - +0 robe
rPois   .          Reflect  .   (helmet restricted)
rElec   .          Harm     .   (no cloak)
rCorr   .          Rampage  .   (gloves unavailable)
Will    .....                   (boots unavailable)
Stlth   +.........              (no amulet)
HPRegen 1.14/turn               (no ring)
MPRegen 0.09/turn               (no ring)

@: no status effects
A: large, unfitting armour, claws 3, regeneration 1, shaggy fur 1, tough skin 1
a: no special abilities


You were on level 3 of the Dungeon.
You visited 1 branch of the dungeon, and saw 3 of its levels.

You collected 70 gold pieces.

Inventory:

Missiles
 c - 5 boomerangs of dispersal (quivered)
 d - 3 throwing nets
Armour
 a - a +0 robe (worn)
Scrolls
 b - a scroll of blinking
 e - 2 scrolls of identify {unknown}
 f - 2 scrolls of teleportation {unknown}
 g - a scroll of enchant weapon {unknown}


   Skills:
 + Level 2.3 Fighting
 + Level 1.9 Throwing
 - Level 2.0 Dodging
 + Level 2.8 Unarmed Combat
 - Level 1.2 Spellcasting
 + Level 2.7 Translocations


You had 3 spell levels left.
You knew the following spells:

 Your Spells              Type           Power      Damage    Failure   Level
a - Blink                 Tloc           12%        N/A       17%         2

Your spell library contained the following spells:

 Spells                   Type           Power      Damage    Failure   Level
 Gell's Gravitas          Tloc           6%         N/A       32%         3
 Lesser Beckoning         Tloc           6%         N/A       32%         3
 Teleport Other           Tloc           6%         N/A       32%         3
 Manifold Assault         Tloc           6%         N/A       97%         5


Dungeon Overview and Level Annotations

Branches:
Dungeon (3/15)

Altars:
Fedhas


Innate Abilities, Weirdness & Mutations

You are too large for most types of armour.
You have claws for hands.
Your natural rate of healing is unusually fast.
You are covered in fur. (AC +1)
You have tough skin. (AC +1)


Message History

Found a blossoming altar of Fedhas.
An adder comes into view.
An adder is nearby!
An adder is nearby!
A goblin comes into view. It is wielding a +0 club.
An ogre comes into view. It is wielding a +0 giant club.
The adder hisses angrily.
You miss the adder. The adder bites you.
You are poisoned.
The adder poisons you!
You claw the adder!
You kill the adder!
You feel sick.
You feel sick.
The ogre shouts!
You completely miss the goblin.
You feel sick. The goblin hits you with a +0 club.
You claw the goblin!
You kill the goblin!
You feel sick.
You completely miss the ogre.
You feel sick.
You are no longer poisoned.
The ogre hits you with a +0 giant club!
You are too injured to fight recklessly!
You are too injured to fight recklessly!
You are too injured to fight recklessly!
An ogre is nearby!
Casting: Blink (safe; 17% risk of failure)
Confirm with . or Enter, or press ? or * to list all spells.
You blink.
You aren't carrying any items that you can evoke.
Unknown command.
You feel stable enough to blink again.
You barely miss the ogre. The ogre closely misses you.
You barely miss the ogre.
The ogre hits you with a +0 giant club!!
You scratch the ogre but do no damage.
The ogre hits you with a +0 giant club!!
Ouch! That really hurt!
You die...

#. ... #. #. ..# #. #
###. ..# #. #.#...#
..# #.## ...≈..###.!#
#..#
..≈≈.....>.####.##
≈._≈≈..........O@#
≈≈≈≈.#.....#.#.#..#
....≈#...O.#......#
#..#.#..)....#.#.....
#.........##..........
####.###..####...#.###
#<# #..# ##....# #.#
#..# #..... #.# #..#


You could see an ogre.

Vanquished Creatures
  3 adders
  A worm (D:2)
  3 dart slugs (D:1)
  2 ball pythons (D:1)
  11 bats
  5 endoplasms
  8 goblins
  7 hobgoblins
  7 kobolds
  A quokka (D:2)
  4 frilled lizards
  5 rats
57 creatures vanquished.

Notes
Turn   | Place    | Note
-------+----------+-------------------------------------------
     0 | D:1      | frimble the Troll Warper began the quest for the Orb.
     0 | D:1      | Reached XP level 1. HP: 19/19 MP: 1/1
    15 | D:1      | Reached skill level 1 in Throwing
    89 | D:1      | Reached XP level 2. HP: 28/28 MP: 2/2
   289 | D:1      | Reached XP level 3. HP: 35/35 MP: 3/3
   340 | D:1      | Learned a level 2 spell: Blink
  1040 | D:2      | Reached XP level 4. HP: 32/42 MP: 4/4
  1178 | D:3      | Found a blossoming altar of Fedhas.
  1182 | D:3      | Noticed an ogre
  1201 | D:3      | Slain by an ogre

Illustrated notes

Levels and vault maps discovered:
D:1:      nzn_arrival_water_spiral, layout_loops_ring
D:2:      layout_rooms
D:3:      layout_loops_ring, mainiacjoe_overflow_paths, fedhas_altar_2,
          serial_glass, glass_columns_a, glass_columns_a,
          hellmonk_ecumenical_altar_arch_garden, minmay_ogre_servants,
          uniq_robin

Skill      XL: |  1  2 |
---------------+-------+-----
Throwing       | 1 |  1.9
Dodging        | 2 |  2.0
Fighting       | 2 |  2.3
Unarmed Combat | |  2.8
Spellcasting   | |  1.2
Translocations | |  2.7

Action                   |  1- 3 |  4- 6 || total
-------------------------+-------+-------++-------
Melee: Unarmed           |   114 |    13 ||   127
       Punch             |     1 |       ||     1
 Cast: Blink             |       |     1 ||     1
Armor: Robe              |    36 |     4 ||    40
Dodge: Dodged            |    64 |     2 ||    66

Table legend: (Time is in decaauts)
 A = Elapsed time spent in this place.
 B = Non-inter-level travel time spent in this place.
 C = Inter-level travel time spent in this place.
 D = Time resting spent in this place.
 E = Time spent auto-exploring this place.
 F = Levels seen in this place.
 G = Mean time per level.
                   A        B        C        D        E       F      G
               +--------+--------+--------+--------+--------+-----+--------+
         Total |   1195 |   1114 |     81 |      0 |    820 |   3 |  398.3 |
       Dungeon |   1195 |   1114 |     81 |      0 |    820 |   3 |  398.3 |
               +--------+--------+--------+--------+--------+-----+--------+

Top non-repeatable levels by time:
     D:1: 651 daAuts
     D:2: 521 daAuts
     D:3: 23 daAuts
